 Dungeon Crawl Stone Soup version 0.31.0-32-g396128a36d (webtiles) character file.

Game seed: 4574125602899745608

120 FexLirch the Shield-Bearer (level 5, -5/36 HPs)
             Began as an Octopode Fighter on Mar 17, 2024.
             Was an Initiate of Ru.
             Slain by Crazy Yiuf
             ... wielding a +3 quarterstaff of chaos
              (11 damage)
             ... on level 3 of the Dungeon.
             The game lasted 00:01:35 (1852 turns).

FexLirch the Shield-Bearer (Octopode Fighter)       Turns: 1852, Time: 00:01:36

Health: -5/36      AC:  1    Str: 18    XL:     5   Next: 4%
Magic:  2/5        EV: 18    Int: 10    God:    Ru [......]
Gold:   140        SH:  4    Dex: 11    Spells: 4/4 levels left

rFire   . . .        a - +0 war axe
rCold   . . .        b - +0 buckler
rNeg    . . .        (helmet restricted)
rPois   .            (no amulet)
rElec   .            e - ring of see invisible
rCorr   .            p - +5 ring of evasion
SInv    +            (no ring)
Will    .....        (no ring)
Stlth   ++           (no ring)
HPRegen 0.26/turn    (no ring)
MPRegen 0.09/turn    (no ring)
                     (no ring)

%: no passive effects
@: lethally poisoned (-5 -> -8)
A: almost no armour, amphibious, 8 rings, camouflage 1, gelatinous body 1,
(nimble swimmer 1), tentacles
a: Renounce Religion


You were on level 3 of the Dungeon.
You worshipped Ru.
Ru was noncommittal.
You visited 1 branch of the dungeon, and saw 3 of its levels.

You collected 140 gold pieces.

Inventory:

Hand Weapons
 a - a +0 war axe (weapon)
Missiles
 d - 6 stones (quivered)
 l - 6 poisoned darts
 n - 2 boomerangs
 r - 3 datura-tipped darts
Armour
 b - a +0 buckler (worn)
Jewellery
 e - a ring of see invisible (left tentacle)
 p - a +5 ring of evasion (right tentacle)
Scrolls
 g - a scroll of noise {unknown}
 h - 5 scrolls of identify {unknown}
 i - a scroll of poison {unknown}
 j - a scroll of revelation {unknown}
 o - a scroll of teleportation {unknown}
 q - a scroll of blinking {unknown}
Potions
 c - a potion of might
 f - 2 potions of curing {unknown}
 k - a potion of ambrosia {unknown}
 m - a potion of magic {unknown}


   Skills:
 + Level 3.5 Fighting
 * Level 3.4 Axes
 + Level 3.6 Dodging
 + Level 3.6 Shields


You had 4 spell levels left.
You didn't know any spells.
Your spell library was empty.

Dungeon Overview and Level Annotations

Branches:
Dungeon (3/15)

Altars:
Hepliaklqana
Kikubaaqudgha
Ru

Annotations:
D:2 Robin
D:3 2 transporters, Crazy Yiuf; spaghetti's ghost, amateur DsCK


Innate Abilities, Weirdness & Mutations

You cannot wear most types of armour.
You are amphibious.
You can wear up to eight rings at the same time.
Your skin changes colour to match your surroundings (Stealth+).
Your rubbery body absorbs attacks. (AC +1, EV +1)
((You are camouflaged when in or above water. (Stealth+)))
You have tentacles for arms and can constrict up to eight enemies at once.


Message History

There is an open door here.
You open the door.
There is an open door here.
There is an open door here.
There is an open door here.
Key pressed, stopping explore.
No target in view!
No reachable target in view!
Could not explore, unopened runed door.
No reachable target in view!
Could not explore, unopened runed door.
No reachable target in view!
Could not explore, unopened runed door.
No reachable target in view!
Could not explore, unopened runed door.
You open the door.
Crazy Yiuf says, "Orb pizzabubble dark!"
You slash Crazy Yiuf! Your grab misses Crazy Yiuf.
Crazy Yiuf is heavily wounded.
Crazy Yiuf hits you with a +3 quarterstaff of chaos!
You feel your power leaking away.
Crazy Yiuf hits you with a +3 quarterstaff of chaos!
You are poisoned.
You hit Crazy Yiuf but do no damage. Your grab misses Crazy Yiuf.
Crazy Yiuf is heavily wounded.
You feel very sick. You block Crazy Yiuf's attack.
You closely miss Crazy Yiuf. Your grab misses Crazy Yiuf.
Your squeeze misses Crazy Yiuf.
Crazy Yiuf is heavily wounded.
* * * LOW HITPOINT WARNING * * *
You feel very sick. Crazy Yiuf closely misses you.
You barely miss Crazy Yiuf. You grab Crazy Yiuf.
Crazy Yiuf is heavily wounded.
You constrict Crazy Yiuf.
* * * LOW HITPOINT WARNING * * *
You feel very sick.
Crazy Yiuf hits you with a +3 quarterstaff of chaos!
You die...

#.##............# ######'###
####.##............# #.........
...#.##............# #........#
...#.##..########### ##.......#
...#.##..# #...#'#.. ...#.#####
#########.#.### ...#.# ###
###.#....##.#.... ...#.###
#...##..#......#.##### ...#...###
#...g@####............ .>.......#
#)..### ##........... .......###
### ####........ ...#.....#
#........ .........# #........
.....<...################........
..).......#......................
###.......#......................
###.......#..................)...


You could see Crazy Yiuf.

Vanquished Creatures
  Terence (D:3)
  2 adders (D:3)
  4 dart slugs
  2 ribbon worms (D:3)
  5 orcs (D:3)
  3 bats (D:1)
  6 endoplasms
  2 giant cockroaches (D:3)
  12 goblins
  5 hobgoblins
  5 kobolds (D:1)
  2 quokkas (D:3)
  3 ball pythons
  3 frilled lizards
  A rat (D:1)
56 creatures vanquished.

Notes
Turn   | Place    | Note
-------+----------+-------------------------------------------
     0 | D:1      | FexLirch the Octopode Fighter began the quest for the Orb.
     0 | D:1      | Reached XP level 1. HP: 16/16 MP: 1/1
    66 | D:1      | Reached XP level 2. HP: 17/21 MP: 2/2
   613 | D:1      | Reached XP level 3. HP: 26/26 MP: 3/3
   946 | D:2      | Noticed Robin
   964 | D:3      | Found an ancient bone altar of Kikubaaqudgha.
   965 | D:3      | Found a hazy altar of Hepliaklqana.
  1024 | D:3      | Found a sacrificial altar of Ru.
  1067 | D:3      | Noticed Terence
  1074 | D:3      | Killed Terence
  1075 | D:3      | Reached XP level 4. HP: 18/31 MP: 4/4
  1101 | D:3      | Became a worshipper of Ru the Awakened
  1226 | D:3      | Found a transporter.
  1310 | D:3      | Found a transporter.
  1312 | D:3      | Noticed spaghetti's ghost (amateur DsCK)
  1516 | D:3      | Found a runed translucent door.
  1517 | D:3      | Noticed Crazy Yiuf
  1573 | D:3      | Reached XP level 5. HP: 19/36 MP: 5/5
  1852 | D:3      | Slain by Crazy Yiuf

Illustrated notes

Levels and vault maps discovered:
D:1:      scummos_arrival_simple_crosswalls, layout_basic, wad_floor_pattern_2,
          skrybe_limestone_x, hangedman_abyss_or_decor_stabs,
          minmay_misc_feat_diagonals, minmay_split_cup_small
D:2:      layout_basic, basic_altar, uniq_robin, uniq_natasha
D:3:      layout_basic, grunt_temple_overflow_open, gammafunk_ghost_mausoleum,
          uniq_terence, uniq_crazy_yiuf_cottage

Skill      XL: |  1  2  3 |
---------------+----------+-----
Axes           | 3 |  3.4
Fighting       | |  3.5
Dodging        | |  3.6
Shields        | |  3.6

Action                     |  1- 3 |  4- 6 || total
---------------------------+-------+-------++-------
  Melee: War axe           |    49 |    42 ||    91
         Constrict         |    10 |    14 ||    24
         Tentacles         |    10 |     3 ||    13
         Punch             |       |     1 ||     1
   Stab: Sleeping          |     7 |     3 ||    10
 Armour: Skin              |    12 |    20 ||    32
  Dodge: Dodged            |    26 |    24 ||    50
  Block: Buckler           |    11 |     9 ||    20
